 Dungeon Crawl Stone Soup version 0.24-a0-521-g122614bf49 (webtiles) character file.

Game seed: 11511213811775147426

5 Gargoyl the Skirmisher (level 1, 0/19 HPs)
             Began as a Centaur Abyssal Knight on July 28, 2019.
             Was an Initiate of Lugonu.
             Slain by a dart slug (1 damage)
             ... on level 1 of the Dungeon.
             The game lasted 00:00:40 (287 turns).

Gargoyl the Skirmisher (Centaur Abyssal Knight)      Turns: 287, Time: 00:00:40

Health: 0/19       AC:  4    Str: 14    XL:     1   Next: 66%
Magic:  2/2        EV:  9    Int: 11    God:    Lugonu [......]
Gold:   15         SH:  0    Dex:  8    Spells: 0/0 levels left

rFire    . . .     SeeInvis .   a - +1 hand axe
rCold    . . .     Gourm    .   (no shield)
rNeg     . . .     Faith    .   b - +0 leather armour
rPois    .         Spirit   .   (no helmet)
rElec    .         Reflect  .   (no cloak)
rCorr    .         Harm     .   (no gloves)
MR       .....                  (no barding)
Stlth    +.........             d - amulet of regeneration
HPRegen  0.46/turn              (no ring)
MPRegen  0.08/turn              (no ring)

@: flying, very quick
A: large, hooves 3, deformed body, speed 2, tough skin 3
a: Renounce Religion


You were on level 1 of the Dungeon.
You worshipped Lugonu.
Lugonu was noncommittal.
You were not hungry.

You visited 1 branch of the dungeon, and saw 1 of its levels.
You visited the Abyss 1 time.

You collected 15 gold pieces.

Inventory:

Hand Weapons
 a - a +1 hand axe (weapon)
Armour
 b - a +0 leather armour (worn)
Jewellery
 d - an amulet of regeneration (around neck)
Comestibles
 c - 2 rations


   Skills:
 + Level 3.1 Fighting
 + Level 1.8 Axes
 * Level 1.5 Armour
 * Level 0.7 Dodging
 * Level 2.0 Invocations


You couldn't memorise any spells.
You didn't know any spells.
Your spell library was empty.

Dungeon Overview and Level Annotations

Branches:
Dungeon (1/15)

Altars:


Innate Abilities, Weirdness & Mutations

You have hooves in place of feet.
Armour fits poorly on your strangely shaped body.
You cover ground very quickly.
You have extremely tough skin. (AC +3)


Message History

The goblin hits you with a +0 dagger.
* * * LOW HITPOINT WARNING * * *
The dart slug barely misses you.
It was a potion of flight.
You feel very buoyant.
You fly up into the air.
The bat barely misses you. The goblin closely misses you.
The bat hits you but does no damage.
You hit the dart slug.
The dart slug is moderately wounded.
You closely miss the bat. You closely miss the goblin.
The bat closely misses you. The dart slug bites you.
* * * LOW HITPOINT WARNING * * *
The goblin closely misses you.
Unknown command.
You hit the dart slug but do no damage.
The dart slug is moderately wounded.
You hit the goblin. The bat hits you.
* * * LOW HITPOINT WARNING * * *
The dart slug bites you.
You die...

######### #.......# ######
##.....g.####### #.....
........b@w...... #†####
###.......#########.#.####
.........#..........#....#
########.#.#.....####....#
................>....
###.###.....####....# #.#
#...).# #....# #.# #..(..#
#....# #. #.....# #....#


You could see a dart slug, a goblin and a bat.

Vanquished Creatures
  A bat (D:1)
  A goblin (D:1)
  A hobgoblin (D:1)
  A kobold (D:1)
  A rat (D:1)
5 creatures vanquished.

Notes
Turn   | Place    | Note
-------+----------+-------------------------------------------
     0 | Abyss:1  | Gargoyl the Centaur Abyssal Knight began the quest for the
                  | Orb.
     0 | Abyss:1  | Reached XP level 1. HP: 19/19 MP: 2/2
    37 | Abyss:1  | Noticed an orange demon
    87 | D:1      | Escaped the Abyss
   287 | D:1      | Slain by a dart slug

Levels and vault maps discovered:
D:1:      eino_arrival_cavern_a, layout_basic, minmay_cut_off

Action                   || total
-------------------------++-------
Melee: Hand axe          ||    15
       Kick              ||     1
Invok: Depart the Abyss  ||     1
  Use: Potion            ||     2
       Scroll            ||     1
Armor: Leather armour    ||    13
Dodge: Dodged            ||    16

Table legend:
 A = Non-vault XP
 B = Vault XP
 C = Vault XP percentage of total XP
 D = Non-vault monster count
 E = Vault monster count
 F = Vault count percentage of total count
                 A         B        C        D         E       F
            +---------+---------+-------+---------+---------+-------
      Total |       8 |       0 |   0.0 |       5 |       0 |   0.0
            +---------+---------+-------+---------+---------+-------
        D:1 |       8 |       0 |   0.0 |       5 |       0 |   0.0
            +---------+---------+-------+---------+---------+-------
